Kings vs Flames

Created - 24 mars 2018 at 22:47

Goals
1 2 3 T
Kings 0 2 3 5
Flames 0 0 1 1
Shots
1 2 3 T
Kings 4 11 8 23
Flames 9 11 23 43

1st period

No Goal

Penalties :
Alec Martinez (CGY) for Hooking (Minor) at 1:16, Patrik Berglund (LOS) for Roughing (Minor) at 10:13, John Moore (LOS) for Roughing (Minor) at 14:08

2nd period

1. Kings , Andrei Markov 13 (Jonathan Toews 40, Colton Sceviour 18) at 3:02
2. Kings , Joe Pavelski 39 (Zemgus Girgensons 6, Derek MacKenzie 10) at 9:43

Penalties :
Dan Hamhuis (LOS) for Hooking (Minor) at 3:16, Joe Pavelski (LOS) for Goalie Interference (Minor) at 13:21, Patrik Berglund (LOS) for High sticking (Double Minor) at 15:27

3rd period

3. Kings , Jonathan Toews 37 (John Moore 10) at 5:10
4. Flames , Artem Anisimov 18 (Alec Martinez 32, Jaromir Jagr 28) at 5:42
5. Kings , Mikael Granlund 31 (Joe Pavelski 48, Zemgus Girgensons 7) at 14:17 (PP)
6. Kings , Joe Pavelski 40 (Mikael Granlund 36) at 19:01

Penalties :
Brady Skjei (CGY) for Slashing (Minor) at 12:27

Goalie Stats

Henrik Lundqvist (LOS), 42 saves from 43 shots - (0.977), W, 31-27-3, 60:00 minutes
Andrei Vasilevskiy (CGY), 18 saves from 23 shots - (0.783), L, 21-21-3, 60:00 minutes

Players Stats for Kings

Player Name              G  A  P  +/- PIM S  H  SB GA TA FO     MP     PP MP  PK MP  
------------------------------------------------------------------------------------
Andrei Markov            1  0  1   1  0   2  1  3  0  0  0/0    24:06   2:07   5:36 
Austin Watson            0  0  0   0  0   2  0  0  0  0  0/0    12:39   0:00   0:54 
Colton Sceviour          0  1  1   1  0   1  0  0  0  0  0/1    14:34   1:23   0:00 
Dan Hamhuis              0  0  0   1  2   2  0  5  0  0  0/0    20:09   1:26   4:29 
Daniel Sedin             0  0  0   1  0   0  0  1  0  0  1/1    18:11   1:23   4:08 
Derek MacKenzie          0  1  1   1  0   1  0  1  0  0  2/5     6:57   0:00   1:42 
Fedor Tyutin             0  0  0   1  0   1  2  1  0  0  0/0    23:19   1:39   5:17 
Joe Pavelski             2  1  3   2  2   6  3  0  0  0  17/27  21:41   2:10   0:12 
John Moore               0  1  1   1  2   0  2  0  0  0  0/0    20:01   1:26   4:21 
Jonathan Toews           1  1  2   1  0   2  2  0  0  0  9/15   20:38   1:39   6:19 
Klas Dahlbeck            0  0  0   1  0   0  1  3  0  0  0/0    16:33   0:16   2:39 
Mark Stuart              0  0  0   1  0   0  2  1  0  0  0/0    15:50   0:44   1:28 
Mikael Granlund          1  1  2   1  0   2  0  0  0  0  1/4    20:54   2:10   4:08 
Patrik Berglund          0  0  0   1  6   0  0  0  0  0  0/0    16:13   1:39   0:00 
Stephen Johns            0  0  0   0  0   0  0  0  0  0  0/0     0:00   0:00   0:00 
Tomas Tatar              0  0  0   0  0   1  1  0  0  0  0/0    11:45   0:00   0:00 
Victor Rask              0  0  0   0  0   2  1  0  0  0  16/30  18:28   0:16   6:27 
Zemgus Girgensons        0  2  2   1  0   1  0  0  0  0  0/1     6:02   0:47   0:00 

Players Stats for Flames

Player Name              G  A  P  +/- PIM S  H  SB GA TA FO     MP     PP MP  PK MP  
------------------------------------------------------------------------------------
Adam Lowry               0  0  0  -2  0   0  0  0  0  0  10/20  15:09   0:00   1:56 
Alec Martinez            0  1  1   0  2   2  1  2  0  0  0/0    24:43   6:25   1:02 
Alexander Radulov        0  0  0   0  0   2  0  0  0  0  0/0     3:33   0:00   0:00 
Artem Anisimov           1  0  1  -1  0   8  2  0  0  0  12/33  23:13   5:57   0:39 
Brady Skjei              0  0  0  -2  2   1  1  1  0  0  0/0    20:29   4:57   0:59 
Brandon Sutter           0  0  0   0  0   4  1  0  0  0  14/24  21:42   5:34   1:42 
Devante Smith-Pelly      0  0  0   0  0   0  0  0  0  0  0/0     1:38   1:38   0:00 
James van Riemsdyk       0  0  0  -1  0   7  1  0  0  0  0/2    19:55   5:57   0:54 
Jared Spurgeon           0  0  0  -2  0   3  0  0  0  0  0/0    21:34   4:57   2:03 
Jarome Iginla            0  0  0  -2  0   1  3  0  0  0  1/2    13:52   0:39   0:00 
Jaromir Jagr             0  1  1  -1  0   4  4  0  0  0  1/1    19:42   5:57   0:41 
John Carlson             0  0  0  -1  0   0  0  1  0  0  0/0    13:04   0:00   0:39 
Jordan Martinook         0  0  0   0  0   0  0  0  0  0  0/1     3:33   0:00   0:00 
Justin Faulk             0  0  0   0  0   0  1  2  0  0  0/0    25:40   6:40   1:43 
Kyle Palmieri            0  0  0   0  0   4  1  0  0  0  0/0    19:51   5:25   0:00 
Rick Nash                0  0  0  -2  0   3  0  0  0  0  0/0    14:59   0:00   1:46 
Viktor Arvidsson         0  0  0   0  0   3  0  0  0  0  0/1    19:04   4:38   0:00 
Zach Redmond             0  0  0  -1  0   1  3  2  0  0  0/0    14:28   0:51   1:12 

3 Stars

1 - Joe Pavelski (LOS)
2 - Henrik Lundqvist (LOS)
3 - Jonathan Toews (LOS)

Power Play

Kings - 1 on 2 Attempt(s) - 50.00%
Flames - 0 on 6 Attempt(s) - 0.00%

Penalty Kill

Kings - 6 on 6 Attempt(s) - 100.00% - Score 0 goal in Penalty Kill
Flames - 1 on 2 Attempt(s) - 50.00% - Score 0 goal in Penalty Kill

Team Stat

Kings - Hits : 15 - Faceoff Wins : 46 - Blocked Shots : 15 - Penalty Minutes : 12
Flames - Hits : 18 - Faceoff Wins : 38 - Blocked Shots : 8 - Penalty Minutes : 4

Official

Referees : Jacob Brenk and Mike Hasenfratz
Linesman : Darren Gibbs and Brandon Gawryletz

Game Notes

No Game Note

Finance

Level 1 -- Attendance: 6500 (100.00%) -- Ticket Income 650 000 $
Level 2 -- Attendance: 4925 (98.50%) -- Ticket Income 270 875 $
Level 3 -- Attendance: 3096 (88.46%) -- Ticket Income 123 840 $
Level 4 -- Attendance: 2853 (86.74%) -- Ticket Income 57 060 $
Luxury Box -- Attendance: 1000 (100.00%) -- Ticket Income 125 000 $
Game was played at the Scotiabank Saddledome.
Total Attendance: 18374 (95.26%)
Total Ticket Income: 1 226 775 $
Other Income: 184 016 $
Total Income: 1 410 791 $

% Time on Ice - Kings

Lines # - Real PCT - Wanted PCT - Time Play
Normal Forward
1 - 33% - 40% - 14:36
2 - 29% - 30% - 12:40
3 - 27% - 20% - 11:45
4 - 12% - 10% - 5:15
Normal Defense
1 - 37% - 40% - 16:23
2 - 32% - 30% - 14:15
3 - 31% - 20% - 13:38
4 - 0% - 10% - 0:00
PP Forward
1 - 57% - 60% - 2:10
2 - 43% - 40% - 1:39
PP Defense
1 - 55% - 60% - 2:07
2 - 45% - 40% - 1:42
PK Forward
1 - 65% - 60% - 7:47
2 - 35% - 40% - 4:08
PK Defense
1 - 51% - 60% - 6:04
2 - 49% - 40% - 5:51
PK3 Forward
1 - 0% - 60%
2 - 0% - 40%
PK3 Defense
1 - 0% - 60%
2 - 0% - 40%
44 Forward
1 - 0% - 60%
2 - 0% - 40%
44 Defense
1 - 0% - 60%
2 - 0% - 40%
Last Minute Offensive  - 0:00
Last Minute Defensive  - 0:00
Total
Forward - 60:00
Defense - 60:00

% Time on Ice - Flames

Lines # - Real PCT - Wanted PCT - Time Play
Normal Forward
1 - 30% - 40% - 13:04
2 - 33% - 30% - 14:26
3 - 30% - 20% - 13:13
4 - 8% - 10% - 3:33
Normal Defense
1 - 38% - 40% - 16:59
2 - 33% - 30% - 14:34
3 - 28% - 20% - 12:25
4 - 1% - 10% - 0:18
PP Forward
1 - 50% - 60% - 5:57
2 - 50% - 40% - 5:58
PP Defense
1 - 58% - 60% - 6:58
2 - 42% - 40% - 4:57
PK Forward
1 - 70% - 60% - 2:40
2 - 30% - 40% - 1:09
PK Defense
1 - 44% - 60% - 1:40
2 - 56% - 40% - 2:09
PK3 Forward
1 - 0% - 60%
2 - 0% - 40%
PK3 Defense
1 - 0% - 60%
2 - 0% - 40%
44 Forward
1 - 0% - 60%
2 - 0% - 40%
44 Defense
1 - 0% - 60%
2 - 0% - 40%
Last Minute Offensive  - 0:00
Last Minute Defensive  - 0:00
Total
Forward - 60:00
Defense - 60:00

Play by Play

1st period


0:01 of 1st period - Artem Anisimov wins face-off versus Joe Pavelski in neutral zone.
1:16 of 1st period - Minor Penalty to Alec Martinez for Hooking.
1:17 of 1st period - Joe Pavelski wins face-off versus Adam Lowry in Flames zone.
1:30 of 1st period - Shot by Rick Nash.
1:30 of 1st period - Stopped by Henrik Lundqvist with a rebound.
1:33 of 1st period - Icing by Andrei Markov.
1:34 of 1st period - Adam Lowry wins face-off versus Joe Pavelski in Kings zone.
2:31 of 1st period - John Carlson is hit by Jonathan Toews.
2:43 of 1st period - Artem Anisimov is hit by John Moore and loses puck.
3:12 of 1st period - Shot by Zemgus Girgensons.
3:12 of 1st period - Stopped by Andrei Vasilevskiy without a rebound.
3:13 of 1st period - Joe Pavelski wins face-off versus Adam Lowry in Flames zone.
3:33 of 1st period - Shot by Austin Watson.
3:33 of 1st period - Stopped by Andrei Vasilevskiy without a rebound.
3:34 of 1st period - Derek MacKenzie wins face-off versus Adam Lowry in Flames zone.
4:00 of 1st period - Shot by Joe Pavelski.
4:00 of 1st period - Shot Misses the Net.
4:02 of 1st period - Shot by Dan Hamhuis.
4:02 of 1st period - Stopped by Andrei Vasilevskiy with a rebound.
4:26 of 1st period - Icing by Fedor Tyutin.
4:27 of 1st period - Victor Rask wins face-off versus Brandon Sutter in Kings zone.
5:02 of 1st period - Kyle Palmieri is hit by Mark Stuart and loses puck.
5:28 of 1st period - Icing by Klas Dahlbeck.
5:29 of 1st period - Jonathan Toews wins face-off versus Artem Anisimov in Kings zone.
5:34 of 1st period - Shot by Colton Sceviour.
5:34 of 1st period - Deflect By Jonathan Toews.
5:34 of 1st period - Shot Misses the Net.
5:50 of 1st period - Shot by Alexander Radulov.
5:50 of 1st period - Stopped by Henrik Lundqvist without a rebound.
5:51 of 1st period - Artem Anisimov wins face-off versus Joe Pavelski in Kings zone.
6:11 of 1st period - Icing by Dan Hamhuis.
6:12 of 1st period - Brandon Sutter wins face-off versus Joe Pavelski in Kings zone.
8:26 of 1st period - Shot by Tomas Tatar.
8:26 of 1st period - Deflect By Austin Watson.
8:26 of 1st period - Shot Blocked by Brady Skjei.
8:37 of 1st period - Icing by Klas Dahlbeck.
8:38 of 1st period - Brandon Sutter wins face-off versus Victor Rask in Kings zone.
9:02 of 1st period - Shot by Brandon Sutter.
9:02 of 1st period - Shot Blocked by Klas Dahlbeck.
9:04 of 1st period - Shot by Kyle Palmieri.
9:04 of 1st period - Deflect By Brandon Sutter.
9:04 of 1st period - Shot Misses the Net.
9:06 of 1st period - Shot by Zach Redmond.
9:06 of 1st period - Shot Misses the Net.
9:08 of 1st period - Shot by Viktor Arvidsson.
9:08 of 1st period - Shot Misses the Net.
9:10 of 1st period - Shot by Viktor Arvidsson.
9:10 of 1st period - Shot Misses the Net.
9:44 of 1st period - Shot by Artem Anisimov.
9:44 of 1st period - Stopped by Henrik Lundqvist without a rebound.
9:45 of 1st period - Joe Pavelski wins face-off versus Adam Lowry in Kings zone.
10:13 of 1st period - Minor Penalty to Patrik Berglund for Roughing.
10:14 of 1st period - Victor Rask wins face-off versus Brandon Sutter in Kings zone.
10:31 of 1st period - Shot by Brandon Sutter.
10:31 of 1st period - Stopped by Henrik Lundqvist without a rebound.
10:32 of 1st period - Victor Rask wins face-off versus Artem Anisimov in Kings zone.
10:51 of 1st period - Shot by Artem Anisimov.
10:51 of 1st period - Stopped by Henrik Lundqvist without a rebound.
10:52 of 1st period - Brandon Sutter wins face-off versus Victor Rask in Kings zone.
10:53 of 1st period - Shot by Viktor Arvidsson.
10:53 of 1st period - Stopped by Henrik Lundqvist with a rebound.
10:55 of 1st period - Shot by Jared Spurgeon.
10:55 of 1st period - Shot Misses the Net.
10:57 of 1st period - Shot by Kyle Palmieri.
10:57 of 1st period - Stopped by Henrik Lundqvist without a rebound.
10:58 of 1st period - Victor Rask wins face-off versus Artem Anisimov in Kings zone.
11:12 of 1st period - James van Riemsdyk is hit by John Moore and loses puck.
11:37 of 1st period - Icing by Jared Spurgeon.
11:38 of 1st period - Daniel Sedin wins face-off versus Artem Anisimov in Flames zone.
13:30 of 1st period - Shot by Kyle Palmieri.
13:30 of 1st period - Shot Misses the Net.
14:08 of 1st period - Minor Penalty to John Moore for Roughing.
14:09 of 1st period - Victor Rask wins face-off versus Artem Anisimov in Kings zone.
14:26 of 1st period - Shot by James van Riemsdyk.
14:26 of 1st period - Stopped by Henrik Lundqvist without a rebound.
14:27 of 1st period - Brandon Sutter wins face-off versus Mikael Granlund in Kings zone.
14:40 of 1st period - Shot by Kyle Palmieri.
14:40 of 1st period - Shot Misses the Net.
14:42 of 1st period - Shot by Brandon Sutter.
14:42 of 1st period - Shot Blocked by Dan Hamhuis.
14:44 of 1st period - Shot by Brady Skjei.
14:44 of 1st period - Stopped by Henrik Lundqvist without a rebound.
14:45 of 1st period - Artem Anisimov wins face-off versus Victor Rask in Kings zone.
14:56 of 1st period - Shot by Justin Faulk.
14:56 of 1st period - Shot Misses the Net.
15:50 of 1st period - Shot by Victor Rask.
15:50 of 1st period - Stopped by Andrei Vasilevskiy with a rebound.
15:55 of 1st period - Off-side.
15:56 of 1st period - Victor Rask wins face-off versus James van Riemsdyk in neutral zone.
16:07 of 1st period - Shot by Justin Faulk.
16:07 of 1st period - Shot Blocked by Andrei Markov.
16:09 of 1st period - Shot by Rick Nash.
16:09 of 1st period - Shot Misses the Net.
16:11 of 1st period - Shot by John Carlson.
16:11 of 1st period - Shot Misses the Net.
16:13 of 1st period - Shot by Adam Lowry.
16:13 of 1st period - Shot Misses the Net.
17:08 of 1st period - Icing by Andrei Markov.
17:09 of 1st period - Artem Anisimov wins face-off versus Jonathan Toews in Kings zone.
17:25 of 1st period - Icing by Jared Spurgeon.
17:26 of 1st period - Artem Anisimov wins face-off versus Victor Rask in Flames zone.
17:37 of 1st period - Shot by Victor Rask.
17:37 of 1st period - Shot Misses the Net.
19:22 of 1st period - Mikael Granlund is hit by Jarome Iginla and loses puck.
19:58 of 1st period - Jared Spurgeon is hit by Joe Pavelski and loses puck.
Goals for this period are 0 for Kings vs 0 for Flames.
Shots for this period are 4 for Kings vs 9 for Flames.

2nd period


0:01 of 2nd period - Joe Pavelski wins face-off versus Artem Anisimov in neutral zone.
0:01 of 2nd period - Mikael Granlund is hit by Jaromir Jagr and loses puck.
0:14 of 2nd period - Shot by Joe Pavelski.
0:14 of 2nd period - Deflect By Mikael Granlund.
0:14 of 2nd period - Stopped by Andrei Vasilevskiy without a rebound.
0:15 of 2nd period - Brandon Sutter wins face-off versus Jonathan Toews in Flames zone.
1:34 of 2nd period - Fedor Tyutin is hit by James van Riemsdyk and loses puck.
1:41 of 2nd period - Shot by James van Riemsdyk.
1:41 of 2nd period - Stopped by Henrik Lundqvist without a rebound.
1:42 of 2nd period - Adam Lowry wins face-off versus Victor Rask in Kings zone.
1:54 of 2nd period - Shot by Tomas Tatar.
1:54 of 2nd period - Shot Misses the Net.
2:04 of 2nd period - Shot by Victor Rask.
2:04 of 2nd period - Deflect By Tomas Tatar.
2:04 of 2nd period - Stopped by Andrei Vasilevskiy without a rebound.
2:05 of 2nd period - Artem Anisimov wins face-off versus Zemgus Girgensons in Flames zone.
2:14 of 2nd period - Shot by Derek MacKenzie.
2:14 of 2nd period - Shot Blocked by Justin Faulk.
2:20 of 2nd period - Shot by Joe Pavelski.
2:20 of 2nd period - Shot Misses the Net.
2:22 of 2nd period - Shot by John Moore.
2:22 of 2nd period - Shot Blocked by Justin Faulk.
2:24 of 2nd period - Shot by Dan Hamhuis.
2:24 of 2nd period - Stopped by Andrei Vasilevskiy without a rebound.
2:25 of 2nd period - Adam Lowry wins face-off versus Jonathan Toews in Flames zone.
2:37 of 2nd period - Shot by Rick Nash.
2:37 of 2nd period - Shot Blocked by Fedor Tyutin.
3:00 of 2nd period - Shot by Jonathan Toews.
3:00 of 2nd period - Shot Blocked by John Carlson.
3:02 of 2nd period - Shot by Andrei Markov.
3:02 of 2nd period - Goal by Andrei Markov - Kings : 1 - Flames : 0.
3:03 of 2nd period - Joe Pavelski wins face-off versus Artem Anisimov in neutral zone.
3:11 of 2nd period - Icing by John Moore.
3:12 of 2nd period - Artem Anisimov wins face-off versus Joe Pavelski in Kings zone.
3:16 of 2nd period - Minor Penalty to Dan Hamhuis for Hooking.
3:17 of 2nd period - Jaromir Jagr wins face-off versus Victor Rask in Kings zone.
3:41 of 2nd period - Icing by Alec Martinez.
3:42 of 2nd period - Victor Rask wins face-off versus Artem Anisimov in Flames zone.
4:38 of 2nd period - Shot by Viktor Arvidsson.
4:38 of 2nd period - Stopped by Henrik Lundqvist with a rebound.
4:40 of 2nd period - Shot by Viktor Arvidsson.
4:40 of 2nd period - Deflect By Kyle Palmieri.
4:40 of 2nd period - Shot Misses the Net.
5:09 of 2nd period - Artem Anisimov is hit by Mark Stuart and loses puck.
5:36 of 2nd period - Zemgus Girgensons is hit by Zach Redmond.
5:42 of 2nd period - Shot by Joe Pavelski.
5:42 of 2nd period - Stopped by Andrei Vasilevskiy without a rebound.
5:43 of 2nd period - Artem Anisimov wins face-off versus Mikael Granlund in Flames zone.
5:49 of 2nd period - Off-side.
5:50 of 2nd period - Jonathan Toews wins face-off versus Brandon Sutter in neutral zone.
5:59 of 2nd period - Shot by Colton Sceviour.
5:59 of 2nd period - Stopped by Andrei Vasilevskiy with a rebound.
6:01 of 2nd period - Shot by Jonathan Toews.
6:01 of 2nd period - Stopped by Andrei Vasilevskiy without a rebound.
6:02 of 2nd period - Adam Lowry wins face-off versus Joe Pavelski in Flames zone.
6:09 of 2nd period - Icing by Fedor Tyutin.
6:10 of 2nd period - Joe Pavelski wins face-off versus Artem Anisimov in Kings zone.
6:24 of 2nd period - Shot by Joe Pavelski.
6:24 of 2nd period - Shot Misses the Net.
6:26 of 2nd period - Shot by Andrei Markov.
6:26 of 2nd period - Stopped by Andrei Vasilevskiy without a rebound.
6:27 of 2nd period - Brandon Sutter wins face-off versus Colton Sceviour in Flames zone.
6:27 of 2nd period - Brandon Sutter is hit by Jonathan Toews.
6:49 of 2nd period - Shot by Viktor Arvidsson.
6:49 of 2nd period - Stopped by Henrik Lundqvist without a rebound.
6:50 of 2nd period - Joe Pavelski wins face-off versus Artem Anisimov in Kings zone.
6:59 of 2nd period - Shot by Joe Pavelski.
6:59 of 2nd period - Stopped by Andrei Vasilevskiy with a rebound.
7:07 of 2nd period - Shot by Patrik Berglund.
7:07 of 2nd period - Deflect By Joe Pavelski.
7:07 of 2nd period - Stopped by Andrei Vasilevskiy without a rebound.
7:08 of 2nd period - Victor Rask wins face-off versus Brandon Sutter in Flames zone.
7:51 of 2nd period - Justin Faulk is hit by Tomas Tatar and loses puck.
7:59 of 2nd period - Icing by Alec Martinez.
8:00 of 2nd period - Brandon Sutter wins face-off versus Joe Pavelski in Flames zone.
8:55 of 2nd period - Shot by James van Riemsdyk.
8:55 of 2nd period - Shot Blocked by Klas Dahlbeck.
9:30 of 2nd period - Joe Pavelski is hit by Artem Anisimov and loses puck.
9:43 of 2nd period - Shot by Joe Pavelski.
9:43 of 2nd period - Goal by Joe Pavelski - Kings : 2 - Flames : 0.
9:44 of 2nd period - Victor Rask wins face-off versus Adam Lowry in neutral zone.
9:54 of 2nd period - Shot by Jarome Iginla.
9:54 of 2nd period - Shot Misses the Net.
9:56 of 2nd period - Shot by Rick Nash.
9:56 of 2nd period - Stopped by Henrik Lundqvist without a rebound.
9:57 of 2nd period - Joe Pavelski wins face-off versus Adam Lowry in Kings zone.
10:12 of 2nd period - Shot by Patrik Berglund.
10:12 of 2nd period - Shot Blocked by Alec Martinez.
10:15 of 2nd period - Icing by Justin Faulk.
10:16 of 2nd period - Victor Rask wins face-off versus Adam Lowry in Flames zone.
10:16 of 2nd period - Victor Rask is hit by Alec Martinez.
11:06 of 2nd period - Shot by Kyle Palmieri.
11:06 of 2nd period - Deflect By Brandon Sutter.
11:06 of 2nd period - Shot Misses the Net.
11:14 of 2nd period - Shot by Viktor Arvidsson.
11:14 of 2nd period - Deflect By Kyle Palmieri.
11:14 of 2nd period - Stopped by Henrik Lundqvist without a rebound.
11:15 of 2nd period - Joe Pavelski wins face-off versus Artem Anisimov in Kings zone.
11:34 of 2nd period - Shot by Artem Anisimov.
11:34 of 2nd period - Stopped by Henrik Lundqvist without a rebound.
11:35 of 2nd period - Brandon Sutter wins face-off versus Jonathan Toews in Kings zone.
12:12 of 2nd period - Shot by Viktor Arvidsson.
12:12 of 2nd period - Shot Misses the Net.
12:35 of 2nd period - Joe Pavelski is hit by Zach Redmond and loses puck.
12:54 of 2nd period - Shot by James van Riemsdyk.
12:54 of 2nd period - Stopped by Henrik Lundqvist with a rebound.
13:21 of 2nd period - Minor Penalty to Joe Pavelski for Goalie Interference.
13:22 of 2nd period - Brandon Sutter wins face-off versus Victor Rask in Kings zone.
13:43 of 2nd period - Shot by Alec Martinez.
13:43 of 2nd period - Shot Blocked by Dan Hamhuis.
13:45 of 2nd period - Shot by Brandon Sutter.
13:45 of 2nd period - Stopped by Henrik Lundqvist without a rebound.
13:46 of 2nd period - Artem Anisimov wins face-off versus Victor Rask in Kings zone.
14:07 of 2nd period - Shot by Artem Anisimov.
14:07 of 2nd period - Shot Misses the Net.
14:09 of 2nd period - Shot by Jared Spurgeon.
14:09 of 2nd period - Shot Misses the Net.
14:49 of 2nd period - Shot by Alec Martinez.
14:49 of 2nd period - Shot Misses the Net.
14:54 of 2nd period - Derek MacKenzie is hit by Brandon Sutter and loses puck.
15:27 of 2nd period - Double Minor Penalty to Patrik Berglund for High sticking.
15:28 of 2nd period - Victor Rask wins face-off versus Artem Anisimov in Kings zone.
15:43 of 2nd period - Jared Spurgeon is hit by Victor Rask and loses puck.
16:57 of 2nd period - Shot by James van Riemsdyk.
16:57 of 2nd period - Stopped by Henrik Lundqvist without a rebound.
16:58 of 2nd period - Victor Rask wins face-off versus Jarome Iginla in Kings zone.
17:03 of 2nd period - Shot by Kyle Palmieri.
17:03 of 2nd period - Stopped by Henrik Lundqvist without a rebound.
17:04 of 2nd period - Victor Rask wins face-off versus Viktor Arvidsson in Kings zone.
17:15 of 2nd period - Shot by Justin Faulk.
17:15 of 2nd period - Shot Blocked by Dan Hamhuis.
18:13 of 2nd period - Shot by Austin Watson.
18:13 of 2nd period - Shot Misses the Net.
18:39 of 2nd period - Shot by Alec Martinez.
18:39 of 2nd period - Stopped by Henrik Lundqvist without a rebound.
18:40 of 2nd period - Derek MacKenzie wins face-off versus Brandon Sutter in Kings zone.
19:16 of 2nd period - Icing by Alec Martinez.
19:17 of 2nd period - Brandon Sutter wins face-off versus Mikael Granlund in Flames zone.
19:51 of 2nd period - Shot by Joe Pavelski.
19:51 of 2nd period - Shot Blocked by Zach Redmond.
19:53 of 2nd period - Shot by Patrik Berglund.
19:53 of 2nd period - Shot Blocked by Zach Redmond.
19:55 of 2nd period - Shot by Patrik Berglund.
19:55 of 2nd period - Deflect By Mikael Granlund.
19:55 of 2nd period - Shot Misses the Net.
19:57 of 2nd period - Shot by Joe Pavelski.
19:57 of 2nd period - Shot Misses the Net.
Goals for this period are 2 for Kings vs 0 for Flames.
Shots for this period are 11 for Kings vs 11 for Flames.

3rd period


0:01 of 3rd period - Joe Pavelski wins face-off versus James van Riemsdyk in neutral zone.
0:16 of 3rd period - Mikael Granlund is hit by Jaromir Jagr and loses puck.
0:31 of 3rd period - Shot by Artem Anisimov.
0:31 of 3rd period - Stopped by Henrik Lundqvist with a rebound.
0:33 of 3rd period - Shot by Artem Anisimov.
0:33 of 3rd period - Stopped by Henrik Lundqvist without a rebound.
0:34 of 3rd period - Jonathan Toews wins face-off versus Brandon Sutter in Kings zone.
1:03 of 3rd period - Shot by Brandon Sutter.
1:03 of 3rd period - Stopped by Henrik Lundqvist without a rebound.
1:04 of 3rd period - Adam Lowry wins face-off versus Victor Rask in Kings zone.
1:10 of 3rd period - Austin Watson is hit by Jarome Iginla and loses puck.
2:05 of 3rd period - Icing by Justin Faulk.
2:06 of 3rd period - Adam Lowry wins face-off versus Jonathan Toews in Flames zone.
2:18 of 3rd period - Icing by Dan Hamhuis.
2:19 of 3rd period - Jonathan Toews wins face-off versus Artem Anisimov in Kings zone.
2:19 of 3rd period - Jonathan Toews is hit by Artem Anisimov.
2:35 of 3rd period - Shot by Jaromir Jagr.
2:35 of 3rd period - Stopped by Henrik Lundqvist with a rebound.
2:37 of 3rd period - Shot by Artem Anisimov.
2:37 of 3rd period - Shot Blocked by Dan Hamhuis.
2:53 of 3rd period - Shot by James van Riemsdyk.
2:53 of 3rd period - Stopped by Henrik Lundqvist with a rebound.
2:55 of 3rd period - Shot by Jared Spurgeon.
2:55 of 3rd period - Stopped by Henrik Lundqvist without a rebound.
2:56 of 3rd period - Brandon Sutter wins face-off versus Joe Pavelski in Kings zone.
2:56 of 3rd period - Brandon Sutter is hit by Fedor Tyutin.
3:10 of 3rd period - Zach Redmond is hit by Joe Pavelski and loses puck.
3:54 of 3rd period - Icing by Artem Anisimov.
3:55 of 3rd period - Victor Rask wins face-off versus Jordan Martinook in Flames zone.
5:10 of 3rd period - Shot by Jonathan Toews.
5:10 of 3rd period - Goal by Jonathan Toews - Kings : 3 - Flames : 0.
5:11 of 3rd period - Brandon Sutter wins face-off versus Derek MacKenzie in neutral zone.
5:15 of 3rd period - Kyle Palmieri is hit by Andrei Markov and loses puck.
5:30 of 3rd period - Shot by Joe Pavelski.
5:30 of 3rd period - Stopped by Andrei Vasilevskiy without a rebound.
5:31 of 3rd period - Jonathan Toews wins face-off versus Artem Anisimov in Flames zone.
5:42 of 3rd period - Shot by Artem Anisimov.
5:42 of 3rd period - Goal by Artem Anisimov - Kings : 3 - Flames : 1.
5:43 of 3rd period - Joe Pavelski wins face-off versus Brandon Sutter in neutral zone.
5:43 of 3rd period - Joe Pavelski is hit by Kyle Palmieri.
6:14 of 3rd period - Shot by Brandon Sutter.
6:14 of 3rd period - Stopped by Henrik Lundqvist with a rebound.
7:52 of 3rd period - Shot by Tomas Tatar.
7:52 of 3rd period - Deflect By Victor Rask.
7:52 of 3rd period - Stopped by Andrei Vasilevskiy without a rebound.
7:53 of 3rd period - Joe Pavelski wins face-off versus Artem Anisimov in Flames zone.
8:06 of 3rd period - Shot by Artem Anisimov.
8:06 of 3rd period - Stopped by Henrik Lundqvist without a rebound.
8:07 of 3rd period - Jarome Iginla wins face-off versus Derek MacKenzie in Kings zone.
8:10 of 3rd period - Shot by Rick Nash.
8:10 of 3rd period - Shot Blocked by Andrei Markov.
8:18 of 3rd period - Shot by Jarome Iginla.
8:18 of 3rd period - Deflect By Adam Lowry.
8:18 of 3rd period - Shot Blocked by Derek MacKenzie.
8:25 of 3rd period - Rick Nash is hit by Fedor Tyutin and loses puck.
8:30 of 3rd period - Shot by Rick Nash.
8:30 of 3rd period - Shot Misses the Net.
8:32 of 3rd period - Shot by Alec Martinez.
8:32 of 3rd period - Stopped by Henrik Lundqvist without a rebound.
8:33 of 3rd period - Brandon Sutter wins face-off versus Victor Rask in Kings zone.
8:41 of 3rd period - Icing by Mark Stuart.
8:42 of 3rd period - Victor Rask wins face-off versus Artem Anisimov in Kings zone.
8:46 of 3rd period - Off-side.
8:47 of 3rd period - Joe Pavelski wins face-off versus Artem Anisimov in neutral zone.
9:02 of 3rd period - Shot by Jaromir Jagr.
9:02 of 3rd period - Stopped by Henrik Lundqvist without a rebound.
9:03 of 3rd period - Jonathan Toews wins face-off versus Brandon Sutter in Kings zone.
9:29 of 3rd period - Shot by Kyle Palmieri.
9:29 of 3rd period - Stopped by Henrik Lundqvist without a rebound.
9:30 of 3rd period - Joe Pavelski wins face-off versus Artem Anisimov in Kings zone.
9:43 of 3rd period - Shot by Jaromir Jagr.
9:43 of 3rd period - Stopped by Henrik Lundqvist without a rebound.
9:44 of 3rd period - Adam Lowry wins face-off versus Victor Rask in Kings zone.
10:01 of 3rd period - Shot by Tomas Tatar.
10:01 of 3rd period - Shot Blocked by Alec Martinez.
10:09 of 3rd period - Shot by Tomas Tatar.
10:09 of 3rd period - Shot Misses the Net.
10:11 of 3rd period - Shot by Austin Watson.
10:11 of 3rd period - Stopped by Andrei Vasilevskiy without a rebound.
10:12 of 3rd period - Mikael Granlund wins face-off versus Artem Anisimov in Flames zone.
10:43 of 3rd period - Shot by Artem Anisimov.
10:43 of 3rd period - Shot Blocked by Andrei Markov.
10:45 of 3rd period - Shot by Jared Spurgeon.
10:45 of 3rd period - Shot Misses the Net.
10:47 of 3rd period - Shot by Jared Spurgeon.
10:47 of 3rd period - Stopped by Henrik Lundqvist with a rebound.
10:49 of 3rd period - Shot by Jared Spurgeon.
10:49 of 3rd period - Stopped by Henrik Lundqvist without a rebound.
10:50 of 3rd period - Jonathan Toews wins face-off versus Brandon Sutter in Kings zone.
10:56 of 3rd period - Jonathan Toews is hit by Justin Faulk and loses puck.
11:31 of 3rd period - Shot by Kyle Palmieri.
11:31 of 3rd period - Shot Blocked by Daniel Sedin.
11:49 of 3rd period - Shot by Rick Nash.
11:49 of 3rd period - Shot Misses the Net.
11:51 of 3rd period - Shot by Zach Redmond.
11:51 of 3rd period - Stopped by Henrik Lundqvist without a rebound.
11:52 of 3rd period - Artem Anisimov wins face-off versus Joe Pavelski in Kings zone.
12:03 of 3rd period - Artem Anisimov is hit by Joe Pavelski.
12:26 of 3rd period - Fedor Tyutin is hit by Brady Skjei and loses puck.
12:27 of 3rd period - Minor Penalty to Brady Skjei for Slashing.
12:28 of 3rd period - Joe Pavelski wins face-off versus Adam Lowry in Flames zone.
13:25 of 3rd period - Dan Hamhuis is hit by Jaromir Jagr and loses puck.
13:37 of 3rd period - Icing by Daniel Sedin.
13:38 of 3rd period - Adam Lowry wins face-off versus Jonathan Toews in Kings zone.
14:17 of 3rd period - Shot by Mikael Granlund.
14:17 of 3rd period - Goal by Mikael Granlund - Kings : 4 - Flames : 1.
14:18 of 3rd period - Victor Rask wins face-off versus Artem Anisimov in neutral zone.
14:29 of 3rd period - Icing by John Carlson.
14:30 of 3rd period - Artem Anisimov wins face-off versus Victor Rask in Flames zone.
14:37 of 3rd period - Shot by Alexander Radulov.
14:37 of 3rd period - Stopped by Henrik Lundqvist without a rebound.
14:38 of 3rd period - Brandon Sutter wins face-off versus Victor Rask in Kings zone.
14:38 of 3rd period - Brady Skjei is hit by Klas Dahlbeck and loses puck.
14:41 of 3rd period - Shot by Kyle Palmieri.
14:41 of 3rd period - Shot Hit the Post.
14:43 of 3rd period - Shot by Jared Spurgeon.
14:43 of 3rd period - Shot Misses the Net.
15:03 of 3rd period - Shot by Tomas Tatar.
15:03 of 3rd period - Shot Misses the Net.
15:29 of 3rd period - Shot by Jaromir Jagr.
15:29 of 3rd period - Deflect By James van Riemsdyk.
15:29 of 3rd period - Shot Blocked by Klas Dahlbeck.
15:31 of 3rd period - Shot by Artem Anisimov.
15:31 of 3rd period - Deflect By Jaromir Jagr.
15:31 of 3rd period - Stopped by Henrik Lundqvist with a rebound.
15:33 of 3rd period - Shot by Jaromir Jagr.
15:33 of 3rd period - Shot Hit the Post.
15:35 of 3rd period - Shot by Alec Martinez.
15:35 of 3rd period - Shot Blocked by Mark Stuart.
15:41 of 3rd period - Shot by James van Riemsdyk.
15:41 of 3rd period - Stopped by Henrik Lundqvist with a rebound.
15:55 of 3rd period - Shot by James van Riemsdyk.
15:55 of 3rd period - Shot Misses the Net.
15:57 of 3rd period - Shot by Artem Anisimov.
15:57 of 3rd period - Shot Misses the Net.
15:59 of 3rd period - Shot by Artem Anisimov.
15:59 of 3rd period - Stopped by Henrik Lundqvist without a rebound.
16:00 of 3rd period - Joe Pavelski wins face-off versus Adam Lowry in Kings zone.
16:00 of 3rd period - Joe Pavelski is hit by Jarome Iginla.
16:13 of 3rd period - Mikael Granlund is hit by Zach Redmond and loses puck.
16:22 of 3rd period - Shot by Patrik Berglund.
16:22 of 3rd period - Shot Misses the Net.
16:24 of 3rd period - Shot by Fedor Tyutin.
16:24 of 3rd period - Stopped by Andrei Vasilevskiy without a rebound.
16:25 of 3rd period - Jonathan Toews wins face-off versus Brandon Sutter in Flames zone.
17:02 of 3rd period - Shot by Colton Sceviour.
17:02 of 3rd period - Shot Misses the Net.
18:15 of 3rd period - Dan Hamhuis is hit by Jaromir Jagr and loses puck.
18:20 of 3rd period - Shot by James van Riemsdyk.
18:20 of 3rd period - Stopped by Henrik Lundqvist without a rebound.
18:21 of 3rd period - Adam Lowry wins face-off versus Victor Rask in Kings zone.
18:24 of 3rd period - Shot by Rick Nash.
18:24 of 3rd period - Stopped by Henrik Lundqvist with a rebound.
18:26 of 3rd period - Shot by Adam Lowry.
18:26 of 3rd period - Shot Misses the Net.
18:53 of 3rd period - Shot by Jarome Iginla.
18:53 of 3rd period - Stopped by Henrik Lundqvist without a rebound.
18:54 of 3rd period - Joe Pavelski wins face-off versus Artem Anisimov in Kings zone.
19:01 of 3rd period - Shot by Joe Pavelski.
19:01 of 3rd period - Goal by Joe Pavelski - Kings : 5 - Flames : 1.
19:02 of 3rd period - Artem Anisimov wins face-off versus Derek MacKenzie in neutral zone.
19:19 of 3rd period - Shot by Zemgus Girgensons.
19:19 of 3rd period - Shot Misses the Net.
19:21 of 3rd period - Shot by Derek MacKenzie.
19:21 of 3rd period - Stopped by Andrei Vasilevskiy without a rebound.
19:22 of 3rd period - Adam Lowry wins face-off versus Joe Pavelski in Flames zone.
19:29 of 3rd period - Shot by Rick Nash.
19:29 of 3rd period - Shot Blocked by Dan Hamhuis.
19:55 of 3rd period - Icing by John Carlson.
19:56 of 3rd period - Jonathan Toews wins face-off versus Adam Lowry in Flames zone.
Goals for this period are 3 for Kings vs 1 for Flames.
Shots for this period are 8 for Kings vs 23 for Flames.